| TOP OF THE 1ST |
|
Raleigh-Durham Capitals batting - Pitching for Rocky Mount Leafs : RHP Don Heinkel
|
|
Pitching: RHP Don Heinkel
|
|
|
Batting: RHB Luis Brito
|
0-0: Foul Ball, location: 2F 0-1: Ball 1-1: Called Strike 1-2: Foul Ball, location: 2F 1-2: Ground out 2-3 (Groundball, 15S, EV 68.1 MPH)
|
|
Batting: RHB Richard Ferchen
|
0-0: Ball 1-0: Swinging Strike 1-1: Fly out, F6 (Flyball, 56D, EV 96.3 MPH)
|
|
Batting: LHB Clay Smith
|
0-0: Ball 1-0: SINGLE (Line Drive, 7LS, EV 107.5 MPH)
|
|
Batting: LHB Pat Castiglia
|
0-0: Ball 1-0: Foul Ball, location: 2F 1-1: Fly out, F7 (Flyball, 7LS, EV 93.1 MPH)
|
| Top of the 1st over - 0 runs, 1 hit, 0 errors, 1 left on base; Raleigh-Durham 0 - Rocky Mount 0 |
| BOTTOM OF THE 1ST |
|
Rocky Mount Leafs batting - Pitching for Raleigh-Durham Capitals : RHP Les Straker
|
|
Pitching: RHP Les Straker
|
|
|
Batting: LHB Ronald Naclerio
|
0-0: Ball 1-0: SINGLE (Groundball, 3S, EV 69.4 MPH) (infield hit)
|
|
Batting: RHB Theodore Smith
|
0-0: Ball 1-0: Ball 2-0: Ball 3-0: Called Strike 3-1: Base on Balls Ronald Naclerio to second
|
|
Batting: LHB Oscar Ramirez
|
0-0: Called Strike 0-1: Foul Ball, location: 2F 0-2: Ball 1-2: Foul Ball, location: 2F 1-2: Ball 2-2: Fly out, F9 (Line Drive, 9, EV 88.1 MPH)
|
|
Batting: RHB Glen Bockhorn
|
0-0: Called Strike 0-1: Fly out, F7 (Flyball, 7LM, EV 101.9 MPH)
|
|
Batting: SHB Keith Spreckels
|
0-0: Swinging Strike 0-1: Swinging Strike 0-2: Ball 1-2: Ball 2-2: Foul Ball, location: 2F 2-2: Foul Ball, location: 2F 2-2: Ball 3-2: Fly out, F8 (Flyball, 89M, EV 85.6 MPH)
|
| Bottom of the 1st over - 0 runs, 1 hit, 0 errors, 2 left on base; Raleigh-Durham 0 - Rocky Mount 0 |
| TOP OF THE 2ND |
|
Raleigh-Durham Capitals batting - Pitching for Rocky Mount Leafs : RHP Don Heinkel
|
|
Batting: RHB Tony Camara
|
0-0: Ball 1-0: Ball 2-0: Ball 3-0: Foul Ball, location: 2F 3-1: SINGLE (Groundball, 6D, EV 100.6 MPH)
|
|
Batting: LHB Richard Kelly
|
0-0: Foul Ball, location: 2F 0-1: Ground out 3-1 (Groundball, 34S, EV 93.1 MPH) Tony Camara to second
|
|
Batting: RHB Henry Noble
|
0-0: Ball 1-0: Called Strike 1-1: Foul Ball, location: 2F 1-2: Ball 2-2: Fly out, F9 (Flyball, 9, EV 86.9 MPH)
|
|
Batting: LHB Donald Jamerson
|
0-0: Swinging Strike 0-1: Ball 1-1: Foul Ball, location: 2F 1-2: Ball 2-2: Ball 3-2: Strikes out swinging
|
| Top of the 2nd over - 0 runs, 1 hit, 0 errors, 1 left on base; Raleigh-Durham 0 - Rocky Mount 0 |
| BOTTOM OF THE 2ND |
|
Rocky Mount Leafs batting - Pitching for Raleigh-Durham Capitals : RHP Les Straker
|
|
Batting: RHB Kevin McGann
|
0-0: Foul Ball, location: 2F 0-1: Foul Ball, location: 2F 0-2: Ball 1-2: Ball 2-2: SINGLE (Line Drive, 6D, EV 104.4 MPH)
|
|
Batting: RHB Blane McDonald
|
0-0: 2-RUN HOME RUN (Flyball, 7D, EV 98.1 MPH), Distance : 353 ft
|
|
Batting: RHB Sergio Loya
|
0-0: DOUBLE (Flyball, 78XD, EV 111.9 MPH)
|
|
Batting: RHB Todd Cruz
|
0-0: Ball 1-0: Called Strike 1-1: Called Strike 1-2: Ball 2-2: Strikes out swinging
|
|
Batting: LHB Ronald Naclerio
|
0-0: Called Strike 0-1: Called Strike 0-2: Ball 1-2: Ball 2-2: Foul Ball, location: 2F 2-2: 2-RUN HOME RUN (Flyball, 9LD, EV 107.5 MPH), Distance : 370 ft
|
|
Batting: RHB Theodore Smith
|
0-0: Called Strike 0-1: Foul Ball, location: 2F 0-2: Foul Ball, location: 2F 0-2: Ball 1-2: Ball 2-2: Ball 3-2: SINGLE (Groundball, 6D, EV 106.3 MPH)
|
|
Batting: LHB Oscar Ramirez
|
0-0: Ball 1-0: Ball 2-0: Ball 3-0: Base on Balls Theodore Smith to second
|
|
Batting: RHB Glen Bockhorn
|
0-0: Foul Ball, location: 2F 0-1: Ball 1-1: Ball 2-1: Foul Ball, location: 2F 2-2: Strikes out swinging
|
|
Batting: SHB Keith Spreckels
|
0-0: Foul Ball, location: 2F 0-1: Ball 1-1: SINGLE (Groundball, 6M, EV 106.3 MPH) (infield hit) Theodore Smith to third Oscar Ramirez to second
|
|
Batting: RHB Kevin McGann
|
0-0: Called Strike 0-1: Foul Ball, location: 2F 0-2: Ground out 6-3 (Groundball, P, EV 85.0 MPH)
|
| Bottom of the 2nd over - 4 runs, 6 hits, 0 errors, 3 left on base; Raleigh-Durham 0 - Rocky Mount 4 |
| TOP OF THE 3RD |
|
Raleigh-Durham Capitals batting - Pitching for Rocky Mount Leafs : RHP Don Heinkel
|
|
Batting: RHB Bobby Supel
|
0-0: Swinging Strike 0-1: Ball 1-1: SINGLE (Groundball, 56D, EV 102.5 MPH)
|
|
Batting: RHB Luis Brito
|
0-0: Called Strike 0-1: Swinging Strike 0-2: Ball 1-2: Strikes out swinging
|
|
Batting: RHB Richard Ferchen
|
0-0: Ball 1-0: Ball 2-0: Fly out, F8 (Flyball, 8RM, EV 84.4 MPH)
|
|
Batting: LHB Clay Smith
|
0-0: Ball Bobby Supel steals 2nd base 1-0: Ball 2-0: Fly out, F7 (Flyball, 7D, EV 85.6 MPH)
|
| Top of the 3rd over - 0 runs, 1 hit, 0 errors, 1 left on base; Raleigh-Durham 0 - Rocky Mount 4 |
| BOTTOM OF THE 3RD |
|
Rocky Mount Leafs batting - Pitching for Raleigh-Durham Capitals : RHP Les Straker
|
|
Batting: RHB Blane McDonald
|
0-0: SINGLE (Line Drive, 34D, EV 106.3 MPH)
|
|
Batting: RHB Sergio Loya
|
0-0: Ball 1-0: Foul Ball, location: 2F 1-1: Ball 2-1: Ball 3-1: Ground out 6-3 (Groundball, 6MS, EV 73.1 MPH) Blane McDonald to second
|
|
Batting: RHB Todd Cruz
|
0-0: Called Strike 0-1: Fly out, F5 (Popup, 15, EV 80.0 MPH)
|
|
Batting: LHB Ronald Naclerio
|
0-0: Ground out U3 (Groundball, 3, EV 80.6 MPH)
|
| Bottom of the 3rd over - 0 runs, 1 hit, 0 errors, 1 left on base; Raleigh-Durham 0 - Rocky Mount 4 |
| TOP OF THE 4TH |
|
Raleigh-Durham Capitals batting - Pitching for Rocky Mount Leafs : RHP Don Heinkel
|
|
Batting: LHB Pat Castiglia
|
0-0: Called Strike 0-1: Called Strike 0-2: Ball 1-2: Fly out, F9 (Line Drive, 9, EV 88.8 MPH)
|
|
Batting: RHB Tony Camara
|
0-0: Ball 1-0: Foul Ball, location: 2F 1-1: Ground out 4-3 (Groundball, 34, EV 101.3 MPH)
|
|
Batting: LHB Richard Kelly
|
0-0: Ball 1-0: Foul Ball, location: 2F 1-1: Called Strike 1-2: Ball 2-2: Strikes out swinging
|
| Top of the 4th over - 0 runs, 0 hits, 0 errors, 0 left on base; Raleigh-Durham 0 - Rocky Mount 4 |
| BOTTOM OF THE 4TH |
|
Rocky Mount Leafs batting - Pitching for Raleigh-Durham Capitals : RHP Les Straker
|
|
Batting: RHB Theodore Smith
|
0-0: Foul Ball, location: 2F 0-1: Ground out 3-1 (Groundball, 34S, EV 86.9 MPH)
|
|
Batting: LHB Oscar Ramirez
|
0-0: Ground out 1-3 (Groundball, 13S, EV 71.9 MPH)
|
|
Batting: RHB Glen Bockhorn
|
0-0: Called Strike 0-1: Ball 1-1: Called Strike 1-2: Fly out, F9 (Flyball, 9, EV 95.6 MPH)
|
| Bottom of the 4th over - 0 runs, 0 hits, 0 errors, 0 left on base; Raleigh-Durham 0 - Rocky Mount 4 |
| TOP OF THE 5TH |
|
Raleigh-Durham Capitals batting - Pitching for Rocky Mount Leafs : RHP Don Heinkel
|
|
Batting: RHB Henry Noble
|
0-0: Ball 1-0: Fly out, F9 (Line Drive, 9, EV 84.4 MPH)
|
|
Batting: LHB Donald Jamerson
|
0-0: Fly out, F5 (Popup, 25F, EV 85.0 MPH)
|
|
Batting: RHB Bobby Supel
|
0-0: Called Strike 0-1: Ball 1-1: Foul Ball, location: 2F 1-2: Foul Ball, location: 2F 1-2: Strikes out swinging
|
| Top of the 5th over - 0 runs, 0 hits, 0 errors, 0 left on base; Raleigh-Durham 0 - Rocky Mount 4 |
| BOTTOM OF THE 5TH |
|
Rocky Mount Leafs batting - Pitching for Raleigh-Durham Capitals : RHP Les Straker
|
|
Batting: SHB Keith Spreckels
|
0-0: Ball 1-0: Ball 2-0: Called Strike 2-1: Ball 3-1: Foul Ball, location: 2F 3-2: Foul Ball, location: 2F 3-2: DOUBLE (Line Drive, 78XD, EV 102.5 MPH)
|
|
Batting: RHB Kevin McGann
|
0-0: Called Strike 0-1: Called Strike 0-2: Ball 1-2: Fly out, F7 (Flyball, 7LM, EV 100.0 MPH)
|
|
Batting: RHB Blane McDonald
|
0-0: Ball 1-0: Ball 2-0: Ball 3-0: Base on Balls
|
|
Batting: RHB Sergio Loya
|
0-0: Ball 1-0: Called Strike 1-1: Fly out, F7 (Line Drive, 7D, EV 91.3 MPH)
|
|
Batting: RHB Todd Cruz
|
0-0: Ball 1-0: Ball 2-0: Called Strike 2-1: Swinging Strike 2-2: Ground out U3 (Groundball, 3S, EV 82.5 MPH)
|
| Bottom of the 5th over - 0 runs, 1 hit, 0 errors, 2 left on base; Raleigh-Durham 0 - Rocky Mount 4 |
| TOP OF THE 6TH |
|
Raleigh-Durham Capitals batting - Pitching for Rocky Mount Leafs : RHP Don Heinkel
|
|
Batting: RHB Luis Brito
|
0-0: Called Strike 0-1: Ball 1-1: Fly out, F6 (Line Drive, 6, EV 68.1 MPH)
|
|
Batting: RHB Richard Ferchen
|
0-0: Ground out 5-3 (Groundball, 56S, EV 68.1 MPH)
|
|
Batting: LHB Clay Smith
|
0-0: Foul Ball, location: 2F 0-1: Ground out 5-3 (Groundball, 56, EV 79.4 MPH)
|
| Top of the 6th over - 0 runs, 0 hits, 0 errors, 0 left on base; Raleigh-Durham 0 - Rocky Mount 4 |
| BOTTOM OF THE 6TH |
|
Rocky Mount Leafs batting - Pitching for Raleigh-Durham Capitals : RHP Les Straker
|
|
Batting: LHB Ronald Naclerio
|
0-0: Called Strike 0-1: Called Strike 0-2: Ball 1-2: Ball 2-2: Fly out, F6 (Flyball, 56D, EV 88.1 MPH)
|
|
Batting: RHB Theodore Smith
|
0-0: Called Strike 0-1: Ball 1-1: SINGLE (Groundball, 6MD, EV 98.1 MPH)
|
|
Batting: LHB Oscar Ramirez
|
0-0: Ball 1-0: Ball 2-0: Fly out, F8 (Flyball, 8RXD, EV 91.3 MPH) Runner from 1st tags up, SAFE at 2nd
|
|
Batting: RHB Glen Bockhorn
|
0-0: Foul Ball, location: 2F 0-1: Called Strike 0-2: Strikes out swinging
|
| Bottom of the 6th over - 0 runs, 1 hit, 0 errors, 1 left on base; Raleigh-Durham 0 - Rocky Mount 4 |
| TOP OF THE 7TH |
|
Raleigh-Durham Capitals batting - Pitching for Rocky Mount Leafs : RHP Don Heinkel
|
|
Batting: LHB Pat Castiglia
|
0-0: Ball 1-0: Ball 2-0: Called Strike 2-1: Ball 3-1: Foul Ball, location: 2F 3-2: Foul Ball, location: 2F 3-2: Foul Ball, location: 2F 3-2: Fly out, F8 (Line Drive, 8RM, EV 88.1 MPH)
|
|
Batting: RHB Tony Camara
|
0-0: Ball 1-0: Fly out, F7 (Flyball, 78XD, EV 100.0 MPH)
|
|
Batting: LHB Richard Kelly
|
0-0: Ball 1-0: Ball 2-0: Called Strike 2-1: Called Strike 2-2: Foul Ball, location: 2F 2-2: Strikes out looking
|
| Top of the 7th over - 0 runs, 0 hits, 0 errors, 0 left on base; Raleigh-Durham 0 - Rocky Mount 4 |
| BOTTOM OF THE 7TH |
|
Rocky Mount Leafs batting - Pitching for Raleigh-Durham Capitals : RHP Les Straker
|
|
Batting: SHB Keith Spreckels
|
0-0: Ball 1-0: Ball 2-0: Fly out, F6 (Line Drive, 6, EV 58.8 MPH)
|
|
Batting: RHB Kevin McGann
|
0-0: Foul Ball, location: 2F 0-1: Swinging Strike 0-2: SINGLE (Flyball, 8RS, EV 89.4 MPH)
|
|
Batting: RHB Blane McDonald
|
0-0: Ball 1-0: Called Strike 1-1: Foul Ball, location: 2F 1-2: Fly out, F9 (Flyball, 9LD, EV 88.8 MPH)
|
|
Batting: RHB Sergio Loya
|
0-0: Ball 1-0: Foul Ball, location: 2F 1-1: Swinging Strike 1-2: Ball 2-2: Strikes out looking
|
| Bottom of the 7th over - 0 runs, 1 hit, 0 errors, 1 left on base; Raleigh-Durham 0 - Rocky Mount 4 |
| TOP OF THE 8TH |
|
Raleigh-Durham Capitals batting - Pitching for Rocky Mount Leafs : RHP Don Heinkel
|
|
Batting: RHB Henry Noble
|
0-0: Fly out, F8 (Flyball, 78M, EV 95.0 MPH)
|
|
Batting: LHB Donald Jamerson
|
0-0: Ball 1-0: Foul Ball, location: 2F 1-1: Foul Ball, location: 2F 1-2: Fly out, F4 (Popup, 4MD, EV 51.3 MPH)
|
|
Batting: RHB Bobby Supel
|
0-0: Ball 1-0: Called Strike 1-1: Ball 2-1: SINGLE (Groundball, 56S, EV 71.3 MPH) (infield hit)
|
|
Batting: RHB Luis Brito
|
0-0: Ball 1-0: Called Strike 1-1: Foul Ball, location: 2F 1-2: Fielders Choice at 2nd, 6-4 (Groundball, 6, EV 103.1 MPH)
|
| Top of the 8th over - 0 runs, 1 hit, 0 errors, 1 left on base; Raleigh-Durham 0 - Rocky Mount 4 |
| BOTTOM OF THE 8TH |
|
Rocky Mount Leafs batting - Pitching for Raleigh-Durham Capitals : RHP Les Straker
|
|
Batting: RHB Todd Cruz
|
0-0: Ball 1-0: Foul Ball, location: 2F 1-1: Ground out 4-3 (Groundball, 4MS, EV 89.4 MPH)
|
|
Batting: LHB Ronald Naclerio
|
0-0: Ground out 6-3 (Groundball, 6M, EV 82.5 MPH)
|
|
Batting: RHB Theodore Smith
|
0-0: Called Strike 0-1: Called Strike 0-2: Fly out, F8 (Line Drive, 8RM, EV 98.1 MPH)
|
| Bottom of the 8th over - 0 runs, 0 hits, 0 errors, 0 left on base; Raleigh-Durham 0 - Rocky Mount 4 |
| TOP OF THE 9TH |
|
Raleigh-Durham Capitals batting - Pitching for Rocky Mount Leafs : RHP Don Heinkel
|
|
Batting: RHB Richard Ferchen
|
0-0: SINGLE (Line Drive, 8RS, EV 85.6 MPH)
|
|
Batting: LHB Clay Smith
|
0-0: Called Strike 0-1: Ball 1-1: Swinging Strike 1-2: Fly out, F8 (Flyball, 8LD, EV 103.8 MPH)
|
|
Batting: LHB Pat Castiglia
|
0-0: Ball 1-0: Called Strike 1-1: Grounds into double play, 4-6-3 (Groundball, 4, EV 108.1 MPH)
|
| Top of the 9th over - 0 runs, 1 hit, 0 errors, 0 left on base; Raleigh-Durham 0 - Rocky Mount 4 |
|